 Dungeon Crawl Stone Soup version 0.29.1-15-g9cfb28693d (webtiles) character file.

Game seed: 8783965641420786791

436 DildoBatman the Conjurer (level 7, -1/52 HPs)
             Began as a Formicid Conjurer on Mar 3, 2023.
             Was a Follower of Kikubaaqudgha.
             Slain by a water moccasin (7 damage)
             ... on level 5 of the Dungeon.
             The game lasted 00:10:04 (3556 turns).

DildoBatman the Conjurer (Formicid Conjurer)        Turns: 3556, Time: 00:10:04

Health: -1/52      AC:  3    Str: 11    XL:     7   Next: 21%
Magic:  2/13       EV: 12    Int: 26    God:    Kikubaaqudgha [*.....]
Gold:   293        SH:  0    Dex: 12    Spells: 6/14 levels left

rFire   . . .      SeeInvis +   a - +1 mace (protect)
rCold   + . .      Faith    +   (no shield)
rNeg    . . .      Spirit   .   d - +0 robe
rPois   .          Reflect  .   (helmet unavailable)
rElec   .          Harm     .   p - +0 cloak
rCorr   .          Rampage  .   (no gloves)
Will    .....                   (no boots)
Stlth   ++........              t - amulet of faith
HPRegen 0.17/turn               q - +6 ring of intelligence
MPRegen 0.13/turn               y - ring of protection from cold

@: lethally poisoned (-1 -> -28)
A: permanent stasis, dig shafts and tunnels, antennae 3, four strong arms
a: Dig, Shaft Self, Renounce Religion, Unearth Wretches


You were on level 5 of the Dungeon.
You worshipped Kikubaaqudgha.
Kikubaaqudgha was aware of your devotion.
You visited 2 branches of the dungeon, and saw 6 of its levels.

You collected 293 gold pieces.

Inventory:

Hand Weapons
 a - a +1 mace of protection (weapon)
 b - a +0 sling
Missiles
 c - 2 poisoned darts (quivered)
 x - a curare-tipped dart
Armour
 d - a +0 robe (worn)
 p - a +0 cloak (worn)
Jewellery
 q - a +6 ring of intelligence (left hand)
 t - an amulet of faith (around neck)
 y - a ring of protection from cold (right hand)
Wands
 u - a wand of acid (13)
Scrolls
 k - 2 scrolls of identify {unknown}
 n - 2 scrolls of amnesia {unknown}
 r - 2 scrolls of vulnerability {unknown}
 s - 2 scrolls of immolation {unknown}
 w - a scroll of fear {unknown}
 z - a scroll of summoning {unknown}
Potions
 e - a potion of brilliance {unknown}
 f - a potion of attraction {unknown}
 g - 2 potions of haste {unknown}
 h - a potion of resistance {unknown}
 i - 4 potions of curing
 j - 2 potions of magic
 l - 3 potions of flight {unknown}
 m - a potion of mutation {unknown}
 o - a potion of heal wounds {unknown}
 v - a potion of berserk rage {unknown}


   Skills:
 - Level 3.0 Fighting
 - Level 3.0 Armour
 - Level 2.0 Dodging
 - Level 2.4 Stealth
 * Level 4.3 Spellcasting
 * Level 5.1 Conjurations
 * Level 0.2 Earth Magic


You had 6 spell levels left.
You knew the following spells:

 Your Spells              Type           Power      Damage    Failure   Level
a - Searing Ray           Conj           64%        2d6       1%          2
b - Stone Arrow           Conj/Erth      38%        3d9       9%          3
c - Magic Dart            Conj           100%       1d8       1%          1
z - Sublimation of Blood  Necr           5%         N/A       13%         2

Your spell library contained the following spells:

 Spells                   Type           Power      Damage    Failure   Level
 Sandblast                Erth           12%        2d6       8%          1
 Necrotise                Necr           20%        1d5       9%          1
 Dazzling Flash           Conj/Hex       36%        N/A       9%          3
 Passwall                 Tmut/Erth      5%         N/A       12%         2
 Ensorcelled Hibernation  Hex/Ice        10%        N/A       13%         2
 Spider Form              Tmut/Pois      5%         N/A       26%         3
 Fulminant Prism          Conj/Hex       9%         3d7       28%         4
 Iskenderun's Mystic Bla  Conj/Tloc      18%        2d6       28%         4
 Animate Armour           Summ/Erth      12%        N/A       61%         4
 Anguish                  Hex/Necr       2%         N/A       63%         4
 Animate Dead             Necr           5%         N/A       63%         4
 Lehudib's Crystal Spear  Conj/Erth      9%         10d4      100%        8


Dungeon Overview and Level Annotations

Branches:
Dungeon (5/15)             Temple (1/1) D:5

Altars:
Ashenzari
Cheibriados
Dithmenos
Elyvilon
Fedhas
Gozag
Kikubaaqudgha
Makhleb
Nemelex Xobeh
Okawaru
Qazlal
Ru
Sif Muna
Trog
Uskayaw
Vehumet
Wu Jian

Annotations:
D:3 Grinder, Natasha, Sigmund
D:4 exclusions: 2 lemures, sensed monster (detected) and 1 more exclusion, Pikel


Innate Abilities, Weirdness & Mutations

You cannot be hasted, slowed, berserked, paralysed or teleported.
You can dig through walls and to a lower floor.
You have a pair of large antennae on your head. (SInv)
Your four strong arms can wield two-handed weapons with a shield.


Message History

The water moccasin is lightly wounded.
You feel very sick. The water moccasin bites you. x2
Casting: Stone Arrow (dangerous; 9% risk of failure)
Confirm with . or Enter, or press ? or * to list all spells.
Aiming: Searing Ray (safe; 1% risk of failure)
Press: ? - help, Shift-Dir - straight line, f/p - water moccasin
Aim: a water moccasin (lightly wounded, 68% to hit)
Okay, then.
Casting: Searing Ray (safe; 1% risk of failure)
Confirm with . or Enter, or press ? or * to list all spells.
Aiming: Stone Arrow (dangerous; 9% risk of failure)
Press: ? - help, Shift-Dir - straight line, f/p - water moccasin
Aim: a water moccasin (lightly wounded, 48% to hit)
The stone arrow hits the water moccasin!!
The water moccasin is almost dead.
You feel sick. The water moccasin barely misses you.
The water moccasin closely misses you.
You miss the water moccasin.
The water moccasin is almost dead.
You feel sick. The water moccasin bites you!
You are more poisoned.
The water moccasin poisons you! The water moccasin bites you.
Your magical contamination has completely faded away.
You barely miss the water moccasin.
The water moccasin is almost dead.
You feel very sick.
The water moccasin bites you but does no damage.
You barely miss the water moccasin.
The water moccasin is almost dead.
You feel very sick. The water moccasin bites you.
You are more poisoned.
The water moccasin poisons you! The water moccasin bites you!
You die...
Kikubaaqudgha rasps: "You have failed me!
Welcome... death!"

*,**,* *,**,* *,#*,* *.#*,*
#############.##.#**#*********
###...................(,,,,,,,,,
#...###.>.......###....,,,,,***,
#.##...###...###...##*,,,***,,,*
#.#.....#.###.#@S...#,***,*,,,,,
#..#...#...#...#...#...*,^,*,,,*
#..#####...#...#####,,,*,,,*###*
#..#...#...#...#...*,,,*,,,*...*
###.....#.###.#..†.,*,###,*,...,
##...###.,.###.,(###.,.###.,.#
##.###.#.....#.###.#.,,,.#.###.
#...#...#...#...#...#,,,#...#..
#...#...#####...#...#####...#..


You could see a water moccasin.

Vanquished Creatures
  An ice beast (D:5)
  A kobold brigand (D:4)
  A scorpion (D:4)
  A hound (D:4)
  An orc wizard (D:4)
  Robin (D:4)
  5 adders
  A shadow imp (D:5)
  3 worms (D:3)
  3 dart slugs
  3 orcs (D:4)
  2 ball pythons
  7 endoplasms
  3 giant cockroaches
  17 goblins
  7 hobgoblins
  2 kobolds
  5 quokkas
  3 bats
  2 frilled lizards
  6 rats
75 creatures vanquished.

Notes
Turn   | Place    | Note
-------+----------+-------------------------------------------
     0 | D:1      | DildoBatman the Formicid Conjurer began the quest for the
                  | Orb.
     0 | D:1      | Reached XP level 1. HP: 13/13 MP: 3/3
   394 | D:1      | Reached XP level 2. HP: 20/20 MP: 1/5
   397 | D:1      | Learned a level 2 spell: Searing Ray
   597 | D:1      | Reached skill level 1 in Fighting
   597 | D:1      | Reached skill level 1 in Armour
   597 | D:1      | Reached XP level 3. HP: 23/26 MP: 2/6
  1170 | D:2      | Found a faded altar of an unknown god.
  1529 | D:3      | Reached XP level 4. HP: 29/32 MP: 2/8
  1585 | D:3      | Noticed Natasha
  1667 | D:3      | Noticed Grinder
  1728 | D:3      | Reached skill level 4 in Conjurations
  1737 | D:3      | Learned a level 3 spell: Stone Arrow
  1895 | D:3      | Found an opulent altar of Gozag.
  1895 | D:3      | Found a bloodstained altar of Trog.
  2149 | D:3      | Found a radiant altar of Vehumet.
  2373 | D:3      | Reached XP level 5. HP: 38/38 MP: 2/9
  2430 | D:3      | Noticed Sigmund
  2522 | D:4      | Noticed Robin
  2596 | D:4      | Noticed Pikel
  2596 | D:4      | Noticed a lemure
  2596 | D:4      | Noticed a lemure
  2663 | D:5      | Entered Level 5 of the Dungeon
  2726 | D:5      | Found a staircase to the Ecumenical Temple.
  2732 | D:5      | Noticed an ice beast
  2735 | Temple   | Entered the Ecumenical Temple
  2806 | Temple   | Became a worshipper of Kikubaaqudgha
  2917 | D:4      | Noticed a kobold brigand
  2951 | D:4      | Killed Robin
  2998 | D:4      | Killed a kobold brigand
  2999 | D:4      | Reached XP level 6. HP: 37/46 MP: 4/11
  3122 | D:4      | Reached * piety under Kikubaaqudgha
  3122 | D:4      | Received a gift from Kikubaaqudgha
  3126 | D:4      | Learned a level 2 spell: Sublimation of Blood
  3425 | D:5      | Killed an ice beast
  3426 | D:5      | Reached skill level 5 in Conjurations
  3426 | D:5      | Reached XP level 7. HP: 23/52 MP: 5/13
  3546 | D:5      | Noticed a water moccasin
  3556 | D:5      | Slain by a water moccasin

Illustrated notes

Levels and vault maps discovered:
D:1:      zaba_arrival_water, layout_loops_ring
D:2:      layout_basic, shapermc_ecumenical_altar_pompeii
D:3:      layout_loops_corners, chequers_temple_overflow_statue_of_worship,
          mainiacjoe_overflow_cross_hatched, nicolae_wormholes, uniq_grinder,
          uniq_sigmund, uniq_natasha
D:4:      layout_cave_pools, uniq_robin, uniq_pikel
D:5:      nicolae_cairo_tiling, layout_basic, grunt_temple_overflow_holy_war,
          minmay_temple_entry_glass
Temple:   eino_temple_lava

Skill      XL: |  1  2  3  4  5  6 |
---------------+-------------------+-----
Dodging        | 2 |  2.0
Fighting       | 1 2 3 |  3.0
Armour         | 1 2 3 |  3.0
Conjurations   | 4 5 |  5.1
Spellcasting   | 3 4 |  4.3
Stealth        | |  2.4
Earth Magic    | |  0.2

Action                   |  1- 3 |  4- 6 |  7- 9 || total
-------------------------+-------+-------+-------++-------
Melee: Dagger            |    13 |     4 |       ||    17
       Mace              |       |    66 |     5 ||    71
       Punch             |       |       |     1 ||     1
 Fire: Sling             |    30 |    25 |       ||    55
Throw: Dart              |       |     2 |       ||     2
 Cast: Magic Dart        |    18 |     1 |       ||    19
       Searing Ray       |     9 |    17 |     1 ||    27
       Stone Arrow       |       |     4 |     3 ||     7
 Abil: Dig               |       |     1 |       ||     1
  Use: Scroll            |       |     2 |       ||     2
       Potion            |       |     2 |       ||     2
 Stab: Sleeping          |     1 |     2 |       ||     3
       Distracted        |     1 |       |       ||     1
Armor: Robe              |     3 |    29 |     1 ||    33
Dodge: Dodged            |    17 |    53 |     3 ||    73
